 Dungeon Crawl Stone Soup version 0.31.0-1-g2c135a0 (webtiles) character file.

Game seed: 3601966219985484851

12 bonegar the Sneak (level 2, 0/22 HPs)
             Began as a Naga Enchanter on Feb 3, 2024.
             Slain by a rat (1 damage)
             ... on level 1 of the Dungeon.
             The game lasted 00:02:37 (347 turns).

bonegar the Sneak (Naga Enchanter)                   Turns: 347, Time: 00:02:38

Health: 0/22       AC:  1    Str: 10    XL:     2   Next: 33%
Magic:  5/5        EV: 10    Int: 15    God:
Gold:   18         SH:  0    Dex: 11    Spells: 3/5 levels left

rFire   . . .        a - +1 dagger
rCold   . . .        (no shield)
rNeg    . . .        b - +0 robe
rPois   +            (no helmet)
rElec   .            (no cloak)
rCorr   .            (no gloves)
SInv    +            (no barding)
Will    +....        (no amulet)
Stlth   +++          (no ring)
HPRegen 0.23/turn    (no ring)
MPRegen 0.09/turn

%: no passive effects
@: enlightened, flying, very slow
A: AC +0, large, see invisible, deformed body, poison resistance, slowness 2,
spit poison 1, naga tail 1
a: Spit Poison


You were on level 1 of the Dungeon.
You visited 1 branch of the dungeon, and saw 1 of its levels.

You collected 18 gold pieces.

Inventory:

Hand Weapons
 a - a +1 dagger (weapon)
Armour
 b - a +0 robe (worn)
Scrolls
 e - a scroll of poison {unknown}
 f - 3 scrolls of enchant armour {unknown}
 g - a scroll of fear {unknown}
Potions
 c - 2 potions of invisibility


   Skills:
 + Level 1.1 Short Blades
 + Level 1.7 Dodging
 + Level 4.6 Stealth
 + Level 2.1 Spellcasting
 + Level 3.3 Hexes


You had 3 spell levels left.
You knew the following spells:

 Your Spells              Type           Power      Damage    Failure   Level
a - Ensorcelled Hibernat  Hex/Ice        12%        N/A       17%         2

Your spell library contained the following spells:

 Spells                   Type           Power      Damage    Failure   Level
 Confusing Touch          Hex            11%        N/A       17%         3
 Tukima's Dance           Hex            11%        N/A       17%         3
 Dazzling Flash           Conj/Hex       12%        N/A       32%         3
 Volatile Blastmotes      Fire/Tloc      2%         2d10      54%         3
 Starburst                Conj/Fire      0%         6d3       100%        6
 Maxwell's Capacitive Co  Air            0%         ∞         100%        8


Dungeon Overview and Level Annotations

Branches:
Dungeon (1/15)

Altars:


Innate Abilities, Weirdness & Mutations

Your serpentine skin is tough. (AC +0)
You have supernaturally acute eyesight. (SInv)
Armour fits poorly on your strangely shaped body.
Your system is resistant to poisons. (rPois)
You cover ground very slowly.
You can spit poison.
You have a snake-like lower body.


Message History

The kobold is severely wounded.
The bat completely misses you. The bat hits you.
The kobold hits you with a +0 dagger. The rat bites you.
* * * LOW HITPOINT WARNING * * *
You hit the kobold but do no damage.
The kobold is severely wounded.
The bat barely misses you. The kobold hits you with a +0 dagger.
* * * LOW HITPOINT WARNING * * *
The rat closely misses you.
It was a potion of enlightenment.
You feel very buoyant.
You fly up into the air.
The kobold closely misses you. The rat bites you.
* * * LOW HITPOINT WARNING * * *
You hit the kobold.
You kill the kobold!
The bat closely misses you. The bat hits you.
* * * LOW HITPOINT WARNING * * *
The rat closely misses you.
You hit the bat.
The bat is severely wounded.
The bat barely misses you. The rat closely misses you.
You hit the rat.
The rat is heavily wounded.
The bat hits you but does no damage. The rat closely misses you.
You miss the bat.
The bat is severely wounded.
The bat closely misses you. The rat closely misses you.
You hit the rat but do no damage.
The rat is heavily wounded.
The rat barely misses you. The bat hits you but does no damage.
You hit the bat.
You kill the bat!
You hit the rat but do no damage.
The rat is heavily wounded.
The rat bites you.
* * * LOW HITPOINT WARNING * * *
You completely miss the rat.
The rat is heavily wounded.
The rat bites you.
You die...

.# .# ####.#
###....#
......#
#....######
#.........
#.)r......
#######
#.@#######
......# #..#
#####.#
#..####### #.#
#......... #.#
##.####### #.#
#.# #.# #.#
#.##########.#
#...........)#


You could see a rat.

Vanquished Creatures
  A bat (D:1)
  An endoplasm (D:1)
  2 goblins (D:1)
  A hobgoblin (D:1)
  2 ball pythons (D:1)
  2 kobolds (D:1)
  2 rats (D:1)
11 creatures vanquished.

Notes
Turn   | Place    | Note
-------+----------+-------------------------------------------
     0 | D:1      | bonegar the Naga Enchanter began the quest for the Orb.
     0 | D:1      | Reached XP level 1. HP: 15/15 MP: 3/3
   220 | D:1      | Reached XP level 2. HP: 22/22 MP: 5/5
   223 | D:1      | Learned a level 2 spell: Ensorcelled Hibernation
   340 | D:1      | HP: 1/22 [bat (1)]
   346 | D:1      | HP: 1/22 [rat (2)]
   347 | D:1      | Slain by a rat

Illustrated notes

Levels and vault maps discovered:
D:1:      nagdon_arrival_double_spiral, layout_loops_ring,
          hellmonk_ecumenical_altar_arch_garden, palyth_stone_intersect,
          minmay_misc_feat_ornament

Action                     || total
---------------------------++-------
  Melee: Dagger            ||    38
    Use: Potion            ||     1
   Stab: Sleeping          ||     3
 Armour: Robe              ||    31
  Dodge: Dodged            ||    31
